[ AOE2 MATCH · #506497188 ]
UnrankedPersians vs Poles
Player's team · LOSS
Rival team · WIN
[ REPLAY ANALYSIS · EXTRACTED FROM THE RECORDED GAME ]
Feudal
13:57
Castle
17:08
Imperial
43:53
| APM avg | 46.9 |
| APM peak | 85 |
| eAPM avg | 25.9 |
| Villagers / military | 216 / 184 |
Focus
⚔️ 45.6% · 🌾 54.4%
Archer ×67 · Spearman ×55 · Scout Cavalry ×51 · Battering Ram ×5 · Monk ×4 · Knight ×2
Feudal
13:28
Castle
17:05
Imperial
38:12
| APM avg | 42.9 |
| APM peak | 75 |
| eAPM avg | 26.0 |
| Villagers / military | 124 / 191 |
Focus
⚔️ 37.4% · 🌾 62.6%
Spearman ×54 · Knight ×53 · Militia ×31 · Obuch ×30 · Battering Ram ×8 · Mangonel ×6
Match map
Initial resources + every placement click. Lines = walls · curves = elevation contours. ◆ gold · ⬟ stone · ● berries · ✦ relic · ◌ wall gap
Your base· ✓ Map-separated
Mr.smeagoul's base· ✓ Map-separated
Smoothed initial terrain · ◌ = detected wall gap · hover for details
Inputs per minute
— dylanrobinson54 - - Mr.smeagoul
Build order — dylanrobinson54
First 150 of 462 actions detected
| 0:35 | Build | Town Center |
| 2:17 | Build | House |
| 2:23 | Create | Villager (Male) |
| 2:23 | Create | Villager (Male) |
| 2:24 | Create | Villager (Male) |
| 2:24 | Create | Villager (Male) |
| 2:24 | Create | Villager (Male) |
| 4:30 | Create | Villager (Male) |
| 4:31 | Create | Villager (Male) |
| 4:38 | Build | House |
| 4:57 | Create | Villager (Male) |
| 5:25 | Create | Villager (Male) |
| 5:50 | Create | Villager (Male) |
| 6:10 | Create | Villager (Male) |
| 6:16 | Create | Villager (Male) |
| 6:21 | Build | Mill |
| 6:57 | Build | Lumber Camp |
| 7:02 | Create | Villager (Male) |
| 7:03 | Create | Villager (Male) |
| 7:03 | Create | Villager (Male) |
| 7:30 | Research | Loom |
| 7:33 | Build | House |
| 7:49 | Create | Villager (Male) |
| 7:58 | Create | Villager (Male) |
| 8:00 | Create | Villager (Male) |
| 8:19 | Create | Villager (Male) |
| 8:21 | Create | Villager (Male) |
| 8:21 | Create | Villager (Male) |
| 8:24 | Build | House |
| 8:29 | Build | House |
| 8:35 | Create | Villager (Male) |
| 8:41 | Create | Villager (Male) |
| 9:13 | Create | Villager (Male) |
| 9:37 | Create | Villager (Male) |
| 9:58 | Build | Barracks |
| 10:18 | Create | Villager (Male) |
| 10:24 | Create | Villager (Male) |
| 10:55 | Build | Mining Camp |
| 11:34 | Build | Lumber Camp |
| 11:53 | Research | Feudal Age |
| 11:59 | Build | House |
| 12:24 | Create | Villager (Male) |
| 12:24 | Create | Villager (Male) |
| 13:57 | Age | Feudal Age |
| 13:59 | Build | Stable |
| 14:01 | Build | Blacksmith |
| 14:22 | Research | Double-Bit Axe |
| 14:43 | Research | Castle Age |
| 15:10 | Research | Horse Collar |
| 15:15 | Build | Farm |
| 15:19 | Build | Farm |
| 15:34 | Build | House |
| 15:41 | Research | Bloodlines |
| 15:45 | Build | Farm |
| 15:58 | Build | Farm |
| 16:16 | Build | Farm |
| 16:30 | Build | Farm |
| 16:46 | Create | Villager (Male) |
| 17:08 | Age | Castle Age |
| 17:10 | Create | Knight |
| 17:24 | Create | Villager (Male) |
| 17:29 | Build | Town Center |
| 17:40 | Build | Farm |
| 17:43 | Build | Farm |
| 17:50 | Create | Villager (Male) |
| 17:54 | Build | Farm |
| 17:58 | Create | Knight |
| 18:08 | Build | House |
| 18:11 | Build | House |
| 18:15 | Create | Villager (Male) |
| 18:15 | Create | Villager (Male) |
| 18:33 | Create | Villager (Male) |
| 18:38 | Build | Farm |
| 18:40 | Build | Farm |
| 18:42 | Build | Farm |
| 18:44 | Create | Villager (Male) |
| 19:03 | Create | Villager (Male) |
| 19:12 | Build | Farm |
| 19:14 | Build | Farm |
| 19:19 | Create | Villager (Male) |
| 19:24 | Build | House |
| 19:36 | Create | Villager (Male) |
| 19:36 | Create | Villager (Male) |
| 19:42 | Create | Villager (Male) |
| 19:57 | Build | Farm |
| 19:59 | Build | Farm |
| 20:10 | Create | Villager (Male) |
| 20:11 | Create | Villager (Male) |
| 20:11 | Create | Villager (Male) |
| 20:17 | Create | Villager (Male) |
| 20:19 | Create | Villager (Male) |
| 20:20 | Create | Villager (Male) |
| 20:31 | Create | Villager (Male) |
| 20:36 | Build | Market |
| 21:10 | Create | Villager (Male) |
| 21:13 | Create | Villager (Male) |
| 21:21 | Create | Villager (Male) |
| 21:24 | Create | Villager (Male) |
| 21:29 | Build | Town Center |
| 21:39 | Research | Bow Saw |
| 21:40 | Create | Villager (Male) |
| 21:40 | Create | Villager (Male) |
| 21:40 | Create | Villager (Male) |
| 21:55 | Create | Villager (Male) |
| 22:08 | Create | Villager (Male) |
| 22:08 | Create | Villager (Male) |
| 22:14 | Create | Villager (Male) |
| 22:14 | Create | Villager (Male) |
| 22:22 | Build | Stable |
| 22:26 | Create | Villager (Male) |
| 22:26 | Create | Villager (Male) |
| 22:35 | Build | Archery Range |
| 22:39 | Research | Fletching |
| 22:40 | Create | Villager (Male) |
| 22:48 | Build | Archery Range |
| 22:51 | Create | Villager (Male) |
| 23:06 | Create | Villager (Male) |
| 23:10 | Create | Villager (Male) |
| 23:10 | Create | Villager (Male) |
| 23:14 | Build | University |
| 23:19 | Create | Villager (Male) |
| 23:29 | Create | Archer |
| 23:37 | Build | Archery Range |
| 23:40 | Create | Villager (Male) |
| 23:42 | Create | Villager (Male) |
| 23:42 | Create | Villager (Male) |
| 23:46 | Build | House |
| 23:48 | Build | House |
| 23:49 | Build | House |
| 23:50 | Build | House |
| 23:51 | Build | House |
| 23:56 | Research | Town Watch |
| 24:08 | Build | Mining Camp |
| 24:11 | Research | Crossbowman (upgrade) |
| 24:18 | Create | Villager (Male) |
| 24:19 | Create | Archer |
| 24:19 | Create | Archer |
| 24:20 | Create | Archer |
| 24:20 | Create | Archer |
| 24:36 | Create | Villager (Male) |
| 24:40 | Create | Archer |
| 24:42 | Create | Villager (Male) |
| 24:46 | Build | Farm |
| 24:51 | Build | House |
| 24:54 | Create | Villager (Male) |
| 25:08 | Create | Villager (Male) |
| 25:15 | Create | Villager (Male) |
| 25:25 | Research | Ballistics |
| 25:26 | Create | Villager (Male) |
| 25:27 | Create | Villager (Male) |
Build order — Mr.smeagoul
First 150 of 496 actions detected
| 0:07 | Build | House |
| 0:31 | Build | Town Center |
| 2:27 | Create | Villager (Male) |
| 2:27 | Create | Villager (Male) |
| 2:27 | Create | Villager (Male) |
| 2:28 | Create | Villager (Male) |
| 3:54 | Create | Villager (Male) |
| 4:28 | Create | Villager (Male) |
| 4:28 | Create | Villager (Male) |
| 5:06 | Create | Villager (Male) |
| 5:10 | Create | Villager (Male) |
| 5:28 | Research | Loom |
| 5:29 | Build | House |
| 5:35 | Create | Villager (Male) |
| 5:37 | Create | Villager (Male) |
| 5:37 | Create | Villager (Male) |
| 6:34 | Create | Villager (Male) |
| 6:34 | Create | Villager (Male) |
| 6:36 | Create | Villager (Male) |
| 7:04 | Build | House |
| 7:32 | Create | Villager (Male) |
| 7:47 | Build | House |
| 8:06 | Create | Villager (Male) |
| 8:40 | Create | Villager (Male) |
| 9:07 | Create | Villager (Male) |
| 9:29 | Create | Villager (Male) |
| 9:37 | Build | Mining Camp |
| 9:41 | Build | Lumber Camp |
| 9:43 | Create | Villager (Male) |
| 10:11 | Create | Villager (Male) |
| 10:51 | Create | Villager (Male) |
| 10:57 | Build | House |
| 11:03 | Research | Feudal Age |
| 11:18 | Build | Mill |
| 11:47 | Create | Villager (Male) |
| 11:47 | Create | Villager (Male) |
| 13:28 | Age | Feudal Age |
| 13:31 | Build | Market |
| 13:33 | Build | Blacksmith |
| 14:25 | Research | Castle Age |
| 14:44 | Build | Watch Tower |
| 15:05 | Build | Mining Camp |
| 15:30 | Create | Villager (Male) |
| 15:32 | Research | Double-Bit Axe |
| 17:05 | Age | Castle Age |
| 17:07 | Build | Monastery |
| 17:11 | Create | Villager (Male) |
| 17:22 | Build | Castle |
| 17:33 | Create | Villager (Male) |
| 18:01 | Build | Town Center |
| 18:03 | Create | Villager (Male) |
| 18:05 | Create | Monk |
| 18:31 | Build | Farm |
| 18:33 | Build | Farm |
| 18:36 | Build | Farm |
| 18:40 | Create | Villager (Male) |
| 18:49 | Create | Monk |
| 18:56 | Build | Farm |
| 19:07 | Create | Obuch |
| 19:23 | Build | Farm |
| 19:25 | Create | Villager (Male) |
| 19:47 | Create | Villager (Male) |
| 19:58 | Create | Obuch |
| 20:00 | Create | Villager (Male) |
| 20:05 | Create | Monk |
| 20:20 | Create | Villager (Male) |
| 20:21 | Create | Villager (Male) |
| 20:36 | Create | Villager (Male) |
| 20:51 | Create | Villager (Male) |
| 21:02 | Build | Outpost |
| 21:08 | Research | Town Watch |
| 21:09 | Create | Villager (Male) |
| 21:32 | Create | Villager (Male) |
| 21:44 | Create | Villager (Male) |
| 21:49 | Build | Siege Workshop |
| 21:53 | Create | Villager (Male) |
| 22:12 | Create | Monk |
| 22:14 | Create | Obuch |
| 22:19 | Create | Villager (Male) |
| 22:30 | Create | Villager (Male) |
| 22:30 | Create | Villager (Male) |
| 22:50 | Create | Battering Ram |
| 22:50 | Create | Obuch |
| 22:55 | Build | Mill |
| 22:57 | Build | Farm |
| 23:00 | Build | Farm |
| 23:01 | Create | Villager (Male) |
| 23:04 | Build | Farm |
| 23:05 | Build | Farm |
| 23:06 | Create | Villager (Male) |
| 23:08 | Build | Farm |
| 23:09 | Create | Villager (Male) |
| 23:33 | Create | Obuch |
| 23:36 | Create | Villager (Male) |
| 23:39 | Build | House |
| 23:39 | Build | House |
| 23:51 | Create | Villager (Male) |
| 23:56 | Research | Horse Collar |
| 23:58 | Create | Obuch |
| 24:04 | Build | House |
| 24:05 | Build | House |
| 24:05 | Build | House |
| 24:05 | Build | House |
| 24:06 | Build | House |
| 24:20 | Create | Villager (Male) |
| 24:20 | Create | Villager (Male) |
| 24:21 | Create | Obuch |
| 24:24 | Create | Battering Ram |
| 24:25 | Create | Villager (Male) |
| 24:27 | Create | Villager (Male) |
| 24:34 | Build | Outpost |
| 24:39 | Create | Villager (Male) |
| 24:49 | Build | Mill |
| 24:55 | Build | Farm |
| 24:56 | Create | Villager (Male) |
| 24:58 | Build | Farm |
| 25:02 | Create | Villager (Male) |
| 25:13 | Create | Villager (Male) |
| 25:15 | Build | Outpost |
| 25:18 | Create | Obuch |
| 25:34 | Create | Battering Ram |
| 25:39 | Create | Obuch |
| 25:49 | Build | Lumber Camp |
| 26:02 | Create | Villager (Male) |
| 26:02 | Create | Obuch |
| 26:12 | Create | Battering Ram |
| 26:13 | Create | Obuch |
| 26:16 | Create | Villager (Male) |
| 26:22 | Build | Outpost |
| 26:25 | Build | Outpost |
| 26:27 | Build | Outpost |
| 26:28 | Create | Villager (Male) |
| 26:43 | Create | Battering Ram |
| 26:43 | Create | Villager (Male) |
| 26:44 | Create | Obuch |
| 26:45 | Create | Villager (Male) |
| 26:47 | Build | House |
| 26:52 | Create | Villager (Male) |
| 26:56 | Build | Mining Camp |
| 27:12 | Create | Villager (Male) |
| 27:13 | Create | Villager (Male) |
| 27:16 | Create | Obuch |
| 27:18 | Create | Battering Ram |
| 27:28 | Create | Villager (Male) |
| 27:32 | Create | Villager (Male) |
| 27:43 | Build | Castle |
| 27:44 | Research | Fletching |
| 27:47 | Create | Villager (Male) |
| 27:52 | Build | House |
| 27:58 | Research | Scale Mail Armor |
Match timeline
| 9:58 | dylanrobinson54 · first_building Barracks |
| 13:28 | Mr.smeagoul · age_up feudal |
| 13:57 | dylanrobinson54 · age_up feudal |
| 13:59 | dylanrobinson54 · first_building Stable |
| 14:24 | Mr.smeagoul · first_market_sell 100 wood |
| 17:05 | Mr.smeagoul · age_up castle |
| 17:07 | Mr.smeagoul · first_building Monastery |
| 17:08 | dylanrobinson54 · age_up castle |
| 17:22 | Mr.smeagoul · first_building Castle |
| 19:47 | Mr.smeagoul · first_market_buy 100 food |
| 21:23 | dylanrobinson54 · first_market_buy 100 wood |
| 21:49 | Mr.smeagoul · first_building Siege Workshop |
| 22:35 | dylanrobinson54 · first_building Archery Range |
| 26:33 | dylanrobinson54 · first_building Siege Workshop |
| 30:41 | dylanrobinson54 · first_building Castle |
| 35:13 | Mr.smeagoul · first_building Barracks |
| 37:01 | Mr.smeagoul · first_building Stable |
| 37:05 | dylanrobinson54 · first_building Monastery |
| 38:12 | Mr.smeagoul · age_up imperial |
| 38:53 | Mr.smeagoul · wall_segment Stone Wall x1 |
| 38:53 | Mr.smeagoul · wall_segment Stone Wall x1 |
| 38:54 | Mr.smeagoul · wall_segment Stone Wall x1 |
| 38:54 | Mr.smeagoul · wall_segment Stone Wall x1 |
| 38:55 | Mr.smeagoul · wall_segment Stone Wall x1 |
| 40:33 | dylanrobinson54 · first_market_sell 100 food |
| 43:53 | dylanrobinson54 · age_up imperial |
| 47:36 | dylanrobinson54 · resign |
[ AI ANALYSIS · 1 CREDIT ]
What really happened in this match?
Wolo.gg analyzes every decision: build order, eco, micro, common mistakes by bracket. Personalized analysis on WhatsApp or Discord in 30 seconds.
Civ guide
Persians
Perfil
dylanrobinson54